 Dungeon Crawl Stone Soup version 0.29-a0-356-g7bc237e783 (webtiles) character file.

Game seed: 10186977626951367540

47 spaghetti the Conjurer (level 3, -1/28 HPs)
             Began as a Gnoll Wanderer on Apr 25, 2022.
             Was a Follower of Zin.
             Slain by a goblin
             ... wielding a +0 dagger
              (3 damage)
             ... on level 1 of the Dungeon.
             The game lasted 00:03:03 (1156 turns).

spaghetti the Conjurer (Gnoll Wanderer)             Turns: 1156, Time: 00:03:04

Health: -1/28      AC:  2    Str: 10    XL:     3   Next: 70%
Magic:  0/7        EV: 12    Int: 16    God:    Zin [*.....]
Gold:   47         SH:  0    Dex:  9    Spells: 3/7 levels left

rFire   . . .      SeeInvis .   a - +0 dagger {short}
rCold   . . .      Faith    .   (no shield)
rNeg    . . .      Spirit   .   e - +0 robe
rPois   .          Reflect  .   (no helmet)
rElec   .          Harm     .   (no cloak)
rCorr   .          Rampage  .   (no gloves)
Will    .....                   (no boots)
Stlth   ++........              (no amulet)
HPRegen 0.09/turn               (no ring)
MPRegen 0.10/turn               (no ring)

@: very slightly contaminated
A: fangs 1, strong nose, distributed training
a: Renounce Religion, Recite, Donate Gold


You were on level 1 of the Dungeon.
You worshipped Zin.
Zin was aware of your devotion.
You visited 1 branch of the dungeon, and saw 2 of its levels.

You collected 52 gold pieces.
You donated 5 gold pieces to Zin.


Innate Abilities, Weirdness & Mutations

You have very sharp teeth.
Your uncanny sense of smell can sniff out nearby items.
Your experience applies equally to all skills.


   Skills:
 + Level 2.6 Fighting
 + Level 0.9 Short Blades
 + Level 0.9 Long Blades
 + Level 0.9 Axes
 + Level 0.9 Maces & Flails
 + Level 0.9 Polearms
 + Level 0.9 Staves
 + Level 0.9 Slings
 + Level 0.9 Bows
 + Level 0.9 Crossbows
 + Level 2.6 Throwing
 + Level 0.9 Armour
 + Level 2.6 Dodging
 + Level 2.4 Stealth
 + Level 0.9 Shields
 + Level 0.9 Unarmed Combat
 + Level 2.8 Spellcasting
 + Level 5.4 Conjurations
 + Level 0.6 Hexes
 + Level 0.6 Summonings
 + Level 0.6 Necromancy
 + Level 0.6 Translocations
 + Level 0.6 Transmutations
 + Level 0.6 Fire Magic
 + Level 0.6 Ice Magic
 + Level 0.6 Air Magic
 + Level 3.8 Earth Magic
 + Level 0.6 Poison Magic
 + Level 1.0 Invocations
 + Level 0.9 Evocations


You had 3 spell levels left.
You knew the following spells:

 Your Spells              Type           Power      Damage    Failure   Level
a - Magic Dart            Conj           76%        1d6       1%          1
b - Stone Arrow           Conj/Erth      34%        3d9       9%          3

Your spell library contained the following spells:

 Spells                   Type           Power      Damage    Failure   Level
 Sandblast                Erth           28%        2d8       4%          1
 Portal Projectile        Hex/Tloc       8%         N/A       41%         3
 Fulminant Prism          Conj/Hex       6%         3d7       47%         4
 Blade Hands              Tmut           2%         N/A       99%         5
 Excruciating Wounds      Necr           2%         N/A       99%         5

Inventory:

Hand Weapons
 a - a +0 dagger (weapon) {short}
Missiles
 b - 6 boomerangs {throwing}
 d - 72 stones {throwing}
Armour
 e - a +0 robe (worn)
Scrolls
 c - 2 scrolls of silence {!r}

Dungeon Overview and Level Annotations

Branches:
Dungeon (2/15)

Altars:
Zin

#.....##.......###..###.#
##.............####..#..####
##....###.........#........
#.#..........#............
#.....###........##.######
####....###.........######
##.#.##...#####......#.
#....#g..# ##.###...
##...@.########..###..
###..#..###.....#......
##...........†..........
#...####.#..............
#..## #................ #.##
###.............. ###
##...............
##................
#........>........


You could see a goblin.


Message History

You throw a boomerang {throwing}.
The boomerang {throwing} hits the ball python but does no damage.
You feel sick. The ball python bites you.
* * * LOW HITPOINT WARNING * * *
The ball python closely misses you.
The ball python barely misses you. x2 😨 HP[-2]
You take 2 damage, and now have 13/28 hp.
You hit the ball python. Your punch misses the ball python.
Your bite misses the ball python.
You feel sick. The ball python closely misses you. The ball python grabs you.
The ball python constricts you.
* * * LOW HITPOINT WARNING * * *
😨 HP[-2]
You take 2 damage, and now have 11/28 hp.
You aren't carrying any potions.
You barely miss the ball python.
You feel sick. The ball python closely misses you.
The ball python constricts you.
As you read the scroll labelled KYBIRR QEONK, it crumbles to dust.
You speak a Word of immense power!
It was a scroll of holy word.
You feel sick.
You are no longer poisoned.
The ball python closely misses you.
The ball python constricts you. 😨 HP[-1]
You take 1 damage, and now have 10/28 hp.
As you read the scroll labelled VADO GACHO QUELAO, it crumbles to dust.
You feel strangely unstable.
It was a scroll of teleportation.
The ball python bites you.
* * * LOW HITPOINT WARNING * * *
The ball python constricts you.
* * * LOW HITPOINT WARNING * * *
The ball python bites you but does no damage.
The ball python constricts you. 😱 HP[-3]
You take 3 damage, and now have 7/28 hp.
You escape the ball python's grasp.
Your surroundings suddenly seem different.
A kobold comes into view.
It is wielding a +0 short sword. 😱 MP[+1] Unknown command.
A kobold is nearby!
The kobold shouts!
A kobold is nearby!
A rat comes into view. 😨 HP[+1] 😨 MP[+1]
The ball python hisses angrily.
The goblin hits you but does no damage. The goblin barely misses you.
An endoplasm comes into view. 😨 HP[+1]
The goblin attacks as you move away! The goblin closely misses you. 😨 MP[+1]
The goblin attacks as you move away! The goblin closely misses you.
The goblin attacks as you move away! The goblin barely misses you.
There is a stone staircase leading down here.
The goblin attacks as you move away! The goblin hits you with a +0 dagger.
* * * LOW HITPOINT WARNING * * *
There is a stone staircase leading up here. 😱 HP[-4]
You take 4 damage, and now have 5/28 hp.
The goblin hits you with a +0 dagger.
* * * LOW HITPOINT WARNING * * *
You climb upwards.
There is a stone staircase leading down here. 😱 HP[-1]
You take 1 damage, and now have 4/28 hp.
You closely miss the goblin. You bite the goblin, but do no damage.
The goblin hits you with a +0 dagger.
* * * LOW HITPOINT WARNING * * *
😱 HP[-2]
You take 2 damage, and now have 2/28 hp.
Casting: Magic Dart (safe; 1% risk of failure)
Confirm with . or Enter, or press ? or * to list all spells.
Aiming: Magic Dart (safe; 1% risk of failure)
Press: ? - help, Shift-Dir - straight line, f - goblin
Aim: a goblin, wielding a +0 dagger (100% to hit)
Okay, then.
Casting: Magic Dart (safe; 1% risk of failure)
Confirm with . or Enter, or press ? or * to list all spells.
The spell is quite dangerous to miscast (9% risk of failure)!
Continue anyway?
Okay, then.
Casting: Stone Arrow (quite dangerous; 9% risk of failure)
Confirm with . or Enter, or press ? or * to list all spells.
The spell is quite dangerous to miscast (9% risk of failure)!
Continue anyway?
Aiming: Stone Arrow (quite dangerous; 9% risk of failure)
Press: ? - help, Shift-Dir - straight line, f - goblin
Aim: a goblin, wielding a +0 dagger (60% to hit)
You miscast Stone Arrow.
You are very lightly contaminated with residual magic.
Nothing appears to happen.
The goblin hits you with a +0 dagger.
* * * LOW HITPOINT WARNING * * *
😱 MP[-2]
You lost 2 mp, and now have 1/7 mp.
Casting: Stone Arrow (quite dangerous; 9% risk of failure)
Confirm with . or Enter, or press ? or * to list all spells.
Aiming: Magic Dart (safe; 1% risk of failure)
Press: ? - help, Shift-Dir - straight line, f/p - goblin
Aim: a goblin, wielding a +0 dagger (100% to hit)
The magic dart hits the goblin.
The goblin hits you with a +0 dagger.
You die...

Skill      XL: |  1  2  3 |
---------------+----------+-----
Invocations    | 1 |  1.0
Fighting       | |  2.6
Short Blades   | |  0.9
Long Blades    | |  0.9
Axes           | |  0.9
Maces & Flails | |  0.9
Polearms       | |  0.9
Staves         | |  0.9
Slings         | |  0.9
Bows           | |  0.9
Crossbows      | |  0.9
Throwing       | |  2.6
Armour         | |  0.9
Dodging        | |  2.6
Stealth        | |  2.4
Shields        | |  0.9
Unarmed Combat | |  0.9
Spellcasting   | |  2.8
Conjurations   | |  5.4
Hexes          | |  0.6
Summonings     | |  0.6
Necromancy     | |  0.6
Translocations | |  0.6
Transmutations | |  0.6
Fire Magic     | |  0.6
Ice Magic      | |  0.6
Air Magic      | |  0.6
Earth Magic    | |  3.8
Poison Magic   | |  0.6
Evocations     | |  0.9

Action                   || total
-------------------------++-------
Melee: Dagger            ||    15
       Bite              ||     3
Throw: Boomerang         ||     5
 Cast: Magic Dart        ||    62
  Use: Scroll            ||     2
Armor: Robe              ||    10
Dodge: Dodged            ||    21

Levels and vault maps discovered:
D:1:      minmay_arrival_floating_metal, layout_rooms,
          ebering_ecumenical_altar_ruins
D:2:      minmay_angry_zag, layout_basic, uniq_natasha

Notes
Turn   | Place    | Note
-------+----------+-------------------------------------------
     0 | D:1      | spaghetti the Gnoll Wanderer began the quest for the Orb.
     0 | D:1      | spaghetti set off with the following items: a +0 dagger
                  | {short}, 6 boomerangs {throwing}, a scroll of silence {!r},
                  | 32 stones {throwing}, a +0 robe; and the following spells
                  | available to memorise: Magic Dart, Sandblast, Stone Arrow,
                  | Fulminant Prism
     0 | D:1      | Reached XP level 1. HP: 17/17 MP: 4/4
     0 | D:1      | magus.rc [v1.9.6]
    44 | D:1      | Learned a level 1 spell: Magic Dart
   124 | D:1      | Reached XP level 2. HP: 23/23 MP: 1/5
   275 | D:1      | Found a faded altar of an unknown god.
   284 | D:1      | Prayed at the altar of an unknown god.
   284 | D:1      | Became a worshipper of Zin the Law-Giver
   284 | D:1      | Reached * piety under Zin
   395 | D:1      | You pick up a book of Weapons and begin reading...
   395 | D:1      | You add the spells Portal Projectile, Excruciating Wounds
                  | and Blade Hands to your library.
   488 | D:1      | Reached XP level 3. HP: 28/28 MP: 1/7
   492 | D:1      | Learned a level 3 spell: Stone Arrow
  1115 | D:2      | Reached skill level 1 in Invocations
  1124 | D:2      | HP: 7/28 [constriction (1)]
  1151 | D:2      | HP: 5/28 [goblin/+0 dagger (4)]
  1154 | D:1      | HP: 2/28 [goblin/+0 dagger (2)]
  1156 | D:1      | Slain by a goblin

Vanquished Creatures
  An adder (D:2)
  3 dart slugs (D:1)
  3 ball pythons
  A bat (D:2)
  4 giant cockroaches (D:1)
  4 goblins (D:1)
  5 hobgoblins
  2 kobolds (D:1)
  A quokka (D:1)
  2 frilled lizards
  3 rats (D:1)
29 creatures vanquished.

Table legend:
 A = Non-vault XP
 B = Vault XP
 C = Vault XP percentage of total XP
 D = Non-vault monster count
 E = Vault monster count
 F = Vault count percentage of total count
                 A         B        C        D         E       F
            +---------+---------+-------+---------+---------+-------
      Total |      68 |       0 |   0.0 |      29 |       0 |   0.0
            +---------+---------+-------+---------+---------+-------
        D:1 |      46 |       0 |   0.0 |      23 |       0 |   0.0
        D:2 |      22 |       0 |   0.0 |       6 |       0 |   0.0
            +---------+---------+-------+---------+---------+-------

Illustrated notes

Table legend:
 A = Kills in this place as a percentage of kills in entire the game.
 B = Kills by you in this place as a percentage of kills by you in the entire game.
 C = Kills by friends in this place as a percentage of kills by friends in the entire game.
 D = Other kills in this place as a percentage of other kills in the entire game.
 E = Experience gained in this place as a percentage of experience gained in the entire game.
 F = Experience gained in this place divided by the number of levels of this place that you have seen.
                   A       B       C       D       E      F
               +-------+-------+-------+-------+-------+----------------------
         Total | 100.0 | 100.0 |   N/A |   N/A | 100.0 |  34.0
       Dungeon | 100.0 | 100.0 |   N/A |   N/A | 100.0 |  34.0
               +-------+-------+-------+-------+-------+----------------------

Table legend: (Time is in decaauts)
 A = Elapsed time spent in this place.
 B = Non-inter-level travel time spent in this place.
 C = Inter-level travel time spent in this place.
 D = Time resting spent in this place.
 E = Time spent auto-exploring this place.
 F = Levels seen in this place.
 G = Mean time per level.
                   A        B        C        D        E       F      G
               +--------+--------+--------+--------+--------+-----+--------+
         Total |   1167 |   1111 |     56 |     69 |    867 |   2 |  583.5 |
       Dungeon |   1167 |   1111 |     56 |     69 |    867 |   2 |  583.5 |
               +--------+--------+--------+--------+--------+-----+--------+

Top non-repeatable levels by time:
     D:1: 1035 daAuts
     D:2: 131 daAuts
